 Dungeon Crawl Stone Soup version 0.24.0-13-gcf9b319 (webtiles) character file.

Game seed: 10038395984313377911, levelgen mode: deterministic

1570 Fang the Skirmisher (level 8, -2/78 HPs)
             Began as a Gargoyle Berserker on Nov 21, 2019.
             Was an Elder of Trog.
             Slain by a killer bee (4 damage)
             ... on level 5 of the Dungeon.
             The game lasted 00:05:58 (4217 turns).

Fang the Skirmisher (Gargoyle Berserker)            Turns: 4217, Time: 00:05:58

Health: -2/78      AC: 19    Str: 27      XL:     8   Next: 90%
Magic:  8/8        EV:  6    Int:  9      God:    Trog [****..]
Gold:   339        SH: 12    Dex:  7 (9)  Spells: 7/7 levels left

rFire    . . .     SeeInvis .   a - +0 hand axe
rCold    + . .     Gourm    .   e - +2 shield
rNeg     + . .     Faith    .   b - +1 plate armour {rC+}
rPois    ∞         Spirit   .   (no helmet)
rElec    +         Reflect  .   (no cloak)
rCorr    .         Harm     .   (no gloves)
MR       .....                  (no boots)
Stlth    ..........             (no amulet)
HPRegen  0.23/turn              (no ring)
MPRegen  0.11/turn              (no ring)

@: berserking (expiring), very quick
A: negative energy resistance 1, electricity resistance, unbreathing,
petrification resistance, rot immunity, AC +5
a: Berserk, Trog's Hand, Brothers in Arms, Renounce Religion


You were on level 5 of the Dungeon.
You worshipped Trog.
Trog was greatly pleased with you.
You were hungry.

You visited 1 branch of the dungeon, and saw 5 of its levels.

You collected 339 gold pieces.

Inventory:

Hand Weapons
 a - a +0 hand axe (weapon)
Armour
 b - a +1 plate armour of cold resistance (worn)
 e - a +2 shield (worn)
Wands
 u - a wand of clouds (3)
Scrolls
 f - a scroll of enchant armour {unknown}
 g - 2 scrolls of identify {unknown}
 h - 6 scrolls of teleportation {unknown}
 i - a scroll of immolation {unknown}
 j - 3 scrolls of remove curse {unknown}
 l - a scroll of random uselessness {unknown}
 n - 2 scrolls of enchant weapon {unknown}
 o - 2 scrolls of blinking {unknown}
 r - 2 scrolls of amnesia {unknown}
 t - 2 scrolls of noise {unknown}
Potions
 d - 4 potions of invisibility {unknown}
 k - 4 potions of curing {unknown}
 m - 3 potions of heal wounds {unknown}
 p - 2 potions of ambrosia {unknown}
 q - 2 potions of might {unknown}
 v - 2 potions of agility {unknown}
Comestibles
 c - 11 rations
 s - a chunk of flesh


   Skills:
 + Level 6.3 Fighting
 + Level 5.2 Axes
 + Level 5.7 Armour
 + Level 4.2 Dodging
 + Level 4.8 Shields


You had 7 spell levels left.
You didn't know any spells.
Your spell library was empty.

Dungeon Overview and Level Annotations

Branches:
Dungeon (5/15)
 Temple: D:4-7

Altars:
Nemelex Xobeh


Innate Abilities, Weirdness & Mutations

You are resistant to torment.
Your stone body is resilient. (AC +5)
You are immune to poison.
You resist negative energy. (rN+)
You are resistant to electric shocks. (rElec)
You can survive without breathing.
You are immune to petrification.
You are immune to rotting.


Message History

You miss the killer bee.
The killer bee is almost dead.
You hit the killer bee. You block the killer bee's attack.
The killer bee barely misses you. You block the killer bee's attack.
The killer bee stings you but does no damage.
Your plate armour prevents you from hitting the killer bee.
The killer bee is almost dead.
Your plate armour prevents you from hitting the killer bee.
The killer bee stings you but does no damage. x2
You closely miss the killer bee.
The killer bee is almost dead.
You barely miss the killer bee. The killer bee stings you.
* * * LOW HITPOINT WARNING * * *
You block the killer bee's attack. x2
You closely miss the killer bee.
The killer bee is almost dead.
You hit the killer bee.
The killer bee stings you but does no damage.
You block the killer bee's attack. The killer bee stings you.
You die...

. .... #.....### .
?..##........ .
...........# ..
[.......... .. ..|
#.......... #..
...####.......... ...
........)....... ... ..
#....)†@....... ...
...#....†yy.......
............$.†(.......#
# ..... #.....(........#
##.....######...........
.........#..............
......#.................
.....##.........##......
.....####..##....#......


You could see 2 killer bees.

Vanquished Creatures
  A phantom (D:3)
  An ice beast (D:5)
  4 ogres
  2 centaurs (D:5)
  A scorpion (D:5)
  4 killer bees (D:5)
  A howler monkey (D:4)
  A quasit (D:5)
  A jelly (D:5)
  2 hounds
  3 orc wizards (D:4)
  An orc priest (D:4)
  2 iguanas (D:5)
  4 worker ants
  A hound zombie (D:5)
  4 gnolls (D:5)
  2 howler monkey skeletons
  8 adders
  An ooze (D:4)
  A dart slug (D:4)
  2 worms (D:2)
  3 leopard geckos
  13 orcs
  9 bats
  2 giant cockroaches (D:2)
  7 goblins
  8 hobgoblins
  7 jackals
  6 kobolds
  2 quokkas
  6 frilled lizards
  A quokka zombie (D:5)
  10 rats
121 creatures vanquished.

Notes
Turn   | Place    | Note
-------+----------+-------------------------------------------
     0 | D:1      | Fang the Gargoyle Berserker began the quest for the Orb.
     0 | D:1      | Reached XP level 1. HP: 14/14 MP: 1/1
   148 | D:1      | Reached XP level 2. HP: 16/19 MP: 2/2
   491 | D:1      | Reached XP level 3. HP: 23/23 MP: 3/3
   684 | D:2      | Reached ** piety under Trog
  1358 | D:3      | Reached XP level 4. HP: 25/29 MP: 4/4
  1581 | D:3      | Reached skill level 4 in Fighting
  1642 | D:3      | Reached skill level 1 in Shields
  1702 | D:3      | Noticed a phantom
  1825 | D:3      | Killed a phantom
  1825 | D:3      | Reached XP level 5. HP: 21/34 MP: 5/5
  2448 | D:4      | Reached *** piety under Trog
  2454 | D:4      | Reached XP level 6. HP: 39/39 MP: 6/6
  2675 | D:4      | Reached XP level 7. HP: 32/44 MP: 7/7
  2714 | D:4      | Found a sparkling altar of Nemelex Xobeh.
  2740 | D:4      | Reached skill level 5 in Fighting
  3450 | D:5      | Entered Level 5 of the Dungeon
  3536 | D:5      | Reached XP level 8. HP: 23/50 MP: 8/8
  3732 | D:5      | Reached skill level 5 in Armour
  4104 | D:5      | Reached skill level 6 in Fighting
  4200 | D:5      | Reached skill level 5 in Axes
  4204 | D:5      | Reached **** piety under Trog
  4213 | D:5      | HP: 3/78 [killer bee (5)]
  4216 | D:5      | HP: 1/78 [killer bee (2)]
  4217 | D:5      | Slain by a killer bee

Levels and vault maps discovered:
D:1:      dpeg_arrival_chambers_temple_mockup, layout_rooms
D:2:      layout_rooms
D:3:      layout_basic, first_ration
D:4:      layout_cave_pods, grunt_ministairs_14, nemelex_dance_club_becter
D:5:      layout_cave_pools, minmay_temple_entry_fiery

Skill      XL: |  1  2  3  4  5  6  7  8 |
---------------+-------------------------+-----
Axes           | 3 4 5 |  5.2
Dodging        | 2 3 4 |  4.2
Armour         | 3 4 5 |  5.7
Fighting       | 4 5 6 |  6.3
Shields        | 1 2 3 4 |  4.8

Action                   |  1- 3 |  4- 6 |  7- 9 || total
-------------------------+-------+-------+-------++-------
Melee: Hand axe          |   157 |   222 |   264 ||   643
Invok: Berserk           |       |     2 |     5 ||     7
       Trog's Hand       |       |     1 |     1 ||     2
  Eat: Chunk             |     2 |     7 |     6 ||    15
       Ration            |       |       |     1 ||     1
Armor: Animal skin       |    79 |    13 |       ||    92
       Plate armour      |       |   173 |   340 ||   513
Dodge: Dodged            |    72 |    51 |   116 ||   239
Block: Shield            |    64 |   152 |   249 ||   465
